 Dungeon Crawl Stone Soup version 0.18-a0-1702-gd20c6a5 (webtiles) character file.

15291 Lugonue the Black Sun (level 11, -5/54 HPs)
             Began as a Deep Elf Necromancer on Apr 6, 2016.
             Was a High Priest of Kikubaaqudgha.
             Slain by a wolf spider (18 damage)
             ... on level 1 of the Lair of Beasts.
             The game lasted 01:27:14 (11421 turns).

Lugonue the Black Sun (Deep Elf Necromancer)       Turns: 11421, Time: 01:27:18

Health: -5/54      AC: 10    Str:  5    XL:     11   Next: 99%
Magic:  16/27      EV: 17    Int: 27    God:    Kikubaaqudgha [*****.]
Gold:   685        SH:  0    Dex: 13    Spells: 8 memorised, 5 levels left

rFire  . . .     SeeInvis +     a - +2 dagger (venom)
rCold  . . .     Gourm    .     Q - +1 troll leather armour
rNeg   . . .     Faith    .     (no shield)
rPois  .         Spirit   .     (helmet restricted)
rElec  .         Dismiss  .     H - +2 cloak
rCorr  .         Reflect  .     (no gloves)
SustAt .         Harm     .     (no boots)
MR     +....                    (no amulet)
Stlth  ++++......               v - ring of see invisible
                                k - +3 ring of intelligence

@: lethally poisoned (-5 -> -7), somewhat resistant to hostile enchantments,
stealthy
A: horns 1, thin metallic scales 1, blurry vision 1, clumsy 1, regeneration 1,
evolution 1
a: Receive Corpses, Torment, Renounce Religion


You were on level 1 of the Lair of Beasts.
You worshipped Kikubaaqudgha.
Kikubaaqudgha was extremely pleased with you.
You were not hungry.

You visited 2 branches of the dungeon, and saw 13 of its levels.

You collected 685 gold pieces.

Inventory:

Hand Weapons
 a - a +2 dagger of venom (weapon)
 b - a +2 quarterstaff of chaos
 h - a +0 spear
 j - a +5 flail of protection
 s - a +0 quarterstaff
Armour
 m - a +2 leather armour of cold resistance
 x - the +1 leather armour of Divine Compulsion {Slay+3}
   (You found it on level 4 of the Dungeon)

   It affects your accuracy and damage with ranged weapons and melee attacks
   (+3).
 z - a +1 buckler
 H - a +2 cloak (worn)
 P - a +1 helmet of intelligence
 Q - a +1 troll leather armour (worn)
Jewellery
 k - a +3 ring of intelligence (left hand)
 v - a ring of see invisible (right hand)
 y - an uncursed ring of resist corrosion
 M - an uncursed ring of positive energy
 N - a +3 ring of protection {unknown}
Wands
 w - a wand of confusion (14/48)
 F - a wand of confusion (28/48)
 L - a wand of confusion (22/48)
 O - a wand of confusion (35/48)
Scrolls
 d - 4 scrolls of recharging
 o - a scroll of fog
 B - 4 scrolls of magic mapping
 C - a scroll of blinking
Potions
 c - 2 potions of magic
 i - 4 potions of lignification
 l - 3 potions of might
 n - a potion of haste
 q - 3 potions of flight
 r - a potion of berserk rage
 t - 3 potions of curing
 u - 2 potions of ambrosia
 A - a potion of brilliance
 I - a potion of cure mutation {unknown}
 J - a potion of mutation
 R - a potion of heal wounds {unknown}
Books
 e - Kikubaaqudgha's Almanac of Stolen Souls
   (Kikubaaqudgha gifted it to you on level 3 of the Dungeon)

   Spells                             Type                      Level
   a - Animate Skeleton               Necromancy                   1
   b - Corpse Rot                     Necromancy                   2
   c - Sublimation of Blood           Necromancy                   2
   d - Vampiric Draining              Necromancy                   3
   e - Control Undead                 Necromancy                   4
 g - Kikubaaqudgha's Almanac of Sinister Rituals
   (Kikubaaqudgha gifted it to you on level 6 of the Dungeon)

   Spells                             Type                      Level
   a - Excruciating Wounds            Charms/Necromancy            5
   b - Agony                          Necromancy                   5
   c - Cigotuvi's Embrace             Necromancy                   5
   d - Dispel Undead                  Necromancy                   5
   e - Simulacrum                     Ice/Necromancy               6
 E - a book of the Sky

   Spells                             Type                      Level
   a - Summon Lightning Spire         Summoning/Air                4
   b - Airstrike                      Air                          4
   c - Silence                        Hexes/Air                    5
   d - Deflect Missiles               Charms/Air                   6
   e - Conjure Ball Lightning         Conjuration/Air              6
   f - Tornado                        Air                          9
 G - a book of Necromancy

   Spells                             Type                      Level
   a - Pain                           Necromancy                   1
   b - Animate Skeleton               Necromancy                   1
   c - Vampiric Draining              Necromancy                   3
   d - Regeneration                   Charms/Necromancy            3
   e - Animate Dead                   Necromancy                   4
   f - Control Undead                 Necromancy                   4
Comestibles
 f - 5 fruits
 p - 10 bread rations
 D - 2 meat rations
 K - 2 royal jellies


   Skills:
 + Level 12.0 Dodging
 * Level 7.8 Stealth
 - Level 10.8 Spellcasting
 * Level 1.9 Charms
 + Level 15.9 Necromancy


You had 5 spell levels left.
You knew the following spells:

 Your Spells              Type           Power        Failure   Level  Hunger
a - Pain                  Necr           ####         0%          1    None
b - Animate Skeleton      Necr           N/A          0%          1    None
c - Regeneration          Chrm/Necr      ######....   1%          3    None
d - Vampiric Draining     Necr           #######...   1%          3    None
e - Animate Dead          Necr           N/A          1%          4    None
f - Control Undead        Necr           #######...   1%          4    None
g - Agony                 Necr           #######.     1%          5    ###....
h - Cigotuvi's Embrace    Necr           #######...   1%          5    ###....


Dungeon Overview and Level Annotations

Branches:
Dungeon (12/15)            Temple (0/1) D:5            Lair (1/8) D:8
    Orc (0/2) D:12

Altars:
Ashenzari
Dithmenos
Elyvilon
Gozag
Kikubaaqudgha
Okawaru
Pakellas
Yredelemnul


Innate Abilities, Weirdness & Mutations

You have a pair of small horns on your head.
You are partially covered in thin metallic scales (AC +2).
Scrolls take you a little longer to read.
You are clumsy. (Dex -2)
Your natural rate of healing is unusually fast.
You evolve.


Message History

* * * LOW HITPOINT WARNING * * *
The wolf spider closely misses you.
The adder bites the bush but does no damage.
The adder bites the plant but does no damage.
Your adder zombie barely misses the komodo dragon.
The wolf spider barely misses you. The wolf spider closely misses you.
Drink which item? (? for menu, Esc to quit)
Okay, then.
Casting: Vampiric Draining
Confirm with . or Enter, or press ? or * to list all spells.
Aiming: Vampiric Draining
Press: ? - help, Shift-Dir - straight line, f/p - wolf spider
Aim: a wolf spider (lightly wounded)
The wolf spider is moderately wounded.
You feel life coursing into your body.
You feel sick.
The adder bites the plant but does no damage.
Something bites the plant but does no damage.
The wolf spider hits you!!
You die...
Kikubaaqudgha rasps: "You have failed me!
Welcome... death!"

...##### #.....###........
P....P≈# ###.......#......
Z..P<≈≈# #...............
≈≈≈≈≈≈≈# ###.............
#≈≈≈≈≈## #....)........
######### ######............
#####.#######....#............
...........##††....#..........
.P...P..P.ZSP@P...............
P...SPP....ls†#...............
PP..lPPP..P.P##...............
PP..PPPPP..P.##...............
P..P.PPPPP.P###...............


.P.PPSPPPP.P# #..............# P..P.PPSP..P.##..............#
PP..SPP......##.............P# .P.S.......####P...#........## You could see a
wolf spider, a komodo dragon, 2 adders and a friendly adder zombie.

Vanquished Creatures
  Erolcha (D:9)
  Harold (Lair:1)
  Erica (D:8)
  An unseen horror (D:9)
  2 hill giants
  A black mamba (Lair:1)
  A gargoyle (D:11)
  A spiny frog (Lair:1)
  A troll (D:11)
  4 yaks
  Eustachio (D:4)
  A basilisk (Lair:1)
  Edmund (D:4)
  A water moccasin (D:11)
  6 orc warriors
  An ice beast (D:6)
  2 black bears
  2 sky beasts
  2 ogres (D:5)
  A necrophage (D:6)
  3 wolves (Lair:1)
  4 centaurs
  9 big kobolds
  4 giant frogs
  Blork the orc (D:4)
  A gnoll sergeant (D:8)
  5 scorpions
  4 jellies
  16 killer bees
  An electric eel (Lair:1)
  2 howler monkeys
  A spriggan skeleton (D:9)
  2 giant frog zombies
  3 crimson imps
  4 centaur skeletons (D:9)
  10 hounds
  4 orc priests
  10 orc wizards
  5 iguanas
  5 worker ants
  A hound zombie (D:7)
  A howler monkey skeleton (D:11)
  9 gnolls
  13 adders
  A shadow imp (D:10)
  2 oozes
  An adder zombie (D:7)
  2 worms
  2 dart slugs
  7 giant geckos
  24 orcs
  3 giant cockroaches
  8 goblins
  6 hobgoblins
  10 jackals
  23 kobolds
  4 quokkas
  3 ball pythons
  4 bats
  A giant cockroach zombie (D:5)
  7 giant newts
  A quokka skeleton (D:9)
  4 rats
263 creatures vanquished.

Vanquished Creatures (collateral kills)
  2 hydras
  A hill giant (D:12)
  A gargoyle (D:11)
  A rime drake (Lair:1)
  A troll (D:12)
  Grinder (D:5)
  10 yaks
  A hungry ghost (D:11)
  2 basilisks
  A hippogriff (Lair:1)
  A water moccasin (Lair:1)
  2 porcupines (Lair:1)
  A sky beast (D:12)
  2 black bears
  4 ogres
  A phantom (D:7)
  A wolf (Lair:1)
  3 centaurs
  A crocodile (Lair:1)
  4 big kobolds
  A giant frog (D:8)
  A scorpion (D:7)
  A troll skeleton (D:9)
  A jelly (D:5)
  A crimson imp (D:7)
  A hound (D:10)
  A gnoll shaman (D:6)
  2 orc priests
  Crazy Yiuf (D:7)
  A centaur skeleton (D:9)
  An iguana (Lair:1)
  An orc wizard (D:6)
  2 worker ants
  A hound zombie (D:6)
  A hound skeleton (D:4)
  A worker ant zombie (D:10)
  4 gnolls
  8 adders
  7 river rats (Lair:1)
  2 shadow imps
  A worm (D:3)
  2 giant geckos
  21 orcs
  2 giant cockroaches (D:3)
  2 goblins (D:2)
  2 hobgoblins
  7 jackals
  3 quokkas
  A giant newt (D:3)
  12 kobolds
  A plant (Lair:1)
134 creatures vanquished.

Vanquished Creatures (others)
  2 plants (Lair:1)
2 creatures vanquished.

Grand Total: 399 creatures vanquished

Notes
Turn   | Place    | Note
--------------------------------------------------------------
     0 | D:1      | Lugonue the Deep Elf Necromancer began the quest for the Orb.
     0 | D:1      | Reached XP level 1. HP: 10/10 MP: 6/6
   170 | D:1      | Reached skill level 5 in Necromancy
   450 | D:1      | Reached XP level 2. HP: 6/15 MP: 4/8
   753 | D:1      | Learned a level 1 spell: Animate Skeleton
   983 | D:1      | Reached XP level 3. HP: 6/19 MP: 8/10
  1023 | D:1      | Learned a level 3 spell: Regeneration
  1204 | D:2      | Learned a level 3 spell: Vampiric Draining
  1412 | D:2      | Found an oddly glowing altar of Pakellas.
  1482 | D:2      | Reached skill level 6 in Necromancy
  1552 | D:2      | Reached XP level 4. HP: 22/24 MP: 12/12
  1589 | D:2      | Found a basalt altar of Yredelemnul.
  1589 | D:2      | Found an ancient bone altar of Kikubaaqudgha.
  1590 | D:2      | Found a shattered altar of Ashenzari.
  1599 | D:2      | Became a worshipper of Kikubaaqudgha
  1914 | D:2      | Found an iron altar of Okawaru.
  2449 | D:3      | Reached * piety under Kikubaaqudgha
  2449 | D:3      | Received a gift from Kikubaaqudgha
  2450 | D:3      | Identified Kikubaaqudgha's Almanac of Stolen Souls (Kikubaaqudgha gifted it to you on level 3 of the Dungeon)
  2456 | D:3      | Learned a level 4 spell: Animate Dead
  2783 | D:3      | Reached skill level 5 in Spellcasting
  2849 | D:3      | Reached XP level 5. HP: 28/28 MP: 9/14
  3047 | D:3      | Reached skill level 7 in Necromancy
  3224 | D:4      | Got a brightly glowing leather armour
  3248 | D:4      | Identified the +1 leather armour of Divine Compulsion {Slay+3} (You found it on level 4 of the Dungeon)
  3255 | D:4      | Noticed Edmund
  3276 | D:4      | Killed Edmund
  3276 | D:4      | Reached XP level 6. HP: 24/32 MP: 2/17
  3303 | D:4      | Reached ** piety under Kikubaaqudgha
  3595 | D:4      | Reached XP level 7. HP: 18/36 MP: 15/20
  3615 | D:4      | Noticed Eustachio
  3682 | D:4      | Killed Eustachio
  3790 | D:4      | Noticed Blork the orc
  3798 | D:4      | Learned a level 4 spell: Control Undead
  3809 | D:4      | Killed Blork the orc
  3809 | D:4      | Reached skill level 8 in Necromancy
  4068 | D:5      | Entered Level 5 of the Dungeon
  4097 | D:5      | Gained mutation: You have a pair of small horns on your head. [potion of beneficial mutation]
  4098 | D:5      | Gained mutation: Your natural rate of healing is unusually fast. [potion of beneficial mutation]
  4153 | D:5      | Noticed Grinder
  4177 | D:5      | Paralysed by Grinder for 3 turns
  4184 | D:5      | Killed Grinder
  4184 | D:5      | Reached XP level 8. HP: 15/41 MP: 13/23
  4332 | D:5      | Reached skill level 10 in Spellcasting
  4532 | D:5      | Found a staircase to the Ecumenical Temple.
  4595 | D:5      | Reached skill level 9 in Necromancy
  5160 | D:6      | Reached skill level 5 in Dodging
  5170 | D:6      | Found an opulent altar of Gozag.
  5357 | D:6      | Gained mutation: You evolve. [potion of mutation]
  5357 | D:6      | Gained mutation: You are partially covered in thin metallic scales (AC +2). [potion of mutation]
  5561 | D:6      | Reached skill level 10 in Necromancy
  5726 | D:6      | Reached XP level 9. HP: 45/45 MP: 22/25
  5850 | D:6      | Reached *** piety under Kikubaaqudgha
  5850 | D:6      | Received a gift from Kikubaaqudgha
  5851 | D:6      | Identified Kikubaaqudgha's Almanac of Sinister Rituals (Kikubaaqudgha gifted it to you on level 6 of the Dungeon)
  5858 | D:6      | Learned a level 5 spell: Agony
  5864 | D:6      | Learned a level 5 spell: Cigotuvi's Embrace
  5960 | D:7      | Gained mutation: You are clumsy. (Dex -2) [evolution]
  6424 | D:7      | Found a white marble altar of Elyvilon.
  6555 | D:7      | Noticed Crazy Yiuf
  6572 | D:7      | Killed Crazy Yiuf
  6820 | D:8      | Reached skill level 11 in Necromancy
  6848 | D:8      | Found a staircase to the Lair.
  7019 | D:8      | Reached **** piety under Kikubaaqudgha
  7252 | D:8      | Found a shadowy altar of Dithmenos.
  7268 | D:8      | Noticed Erica
  7292 | D:8      | Killed Erica
  7292 | D:8      | Reached skill level 12 in Necromancy
  7292 | D:8      | Reached XP level 10. HP: 18/50 MP: 22/26
  7515 | D:9      | Reached skill level 5 in Stealth
  7741 | D:9      | Noticed Erolcha
  7802 | D:9      | Killed Erolcha
  7826 | D:9      | Reached skill level 13 in Necromancy
  8283 | D:9      | Noticed an unseen horror
  8301 | D:9      | Killed an unseen horror
  8390 | D:10     | Entered Level 10 of the Dungeon
  8423 | D:10     | Reached skill level 10 in Dodging
  8675 | D:10     | Reached ***** piety under Kikubaaqudgha
  8828 | D:10     | Noticed a hill giant
  8836 | D:10     | Killed a hill giant
  8888 | D:11     | Reached XP level 11. HP: 38/54 MP: 15/27
  8957 | D:11     | Reached skill level 14 in Necromancy
  9257 | D:11     | Noticed a hill giant
  9272 | D:11     | Killed a hill giant
  9513 | D:11     | Reached skill level 1 in Charms
  9682 | D:11     | Gained mutation: Scrolls take you a little longer to read. [evolution]
 10066 | D:12     | Found an oddly glowing altar of Pakellas.
 10112 | D:12     | Noticed a hill giant
 10117 | D:12     | Killed a hill giant
 10134 | D:12     | Found a staircase to the Orcish Mines.
 10197 | D:12     | Noticed a four-headed hydra
 10207 | D:12     | Killed a four-headed hydra
 10269 | D:12     | Reached skill level 15 in Necromancy
 10440 | D:12     | Noticed a green ugly thing
 10693 | Lair:1   | Entered Level 1 of the Lair of Beasts
 10722 | Lair:1   | Noticed Harold
 10741 | Lair:1   | Killed Harold
 11070 | Lair:1   | Noticed an eight-headed hydra
 11085 | Lair:1   | Killed an eight-headed hydra
 11351 | Lair:1   | Noticed a wolf spider
 11421 | Lair:1   | Slain by a wolf spider

Vault maps used:
D:1:      roderic_dead_forest
D:2:      grunt_pakellas_mercury, gammafunk_temple_overflow_claw,
          kennysheep_okawaru_gauntlet
D:4:      first_bread, uniq_eustachio, uniq_edmund, uniq_blork_the_orc
D:5:      lemuel_temple_firewalk_marked, uniq_grinder
D:6:      nicolae_whirlpool, nicolae_gozag_seed_capital
D:7:      lemuel_crystal_altar, uniq_crazy_yiuf_cottage
D:8:      nicolae_dithmenos_shadow_blocks, lair_0_dummy, special_room,
          uniq_erica
D:9:      hangedman_tell_no_tales, uniq_erolcha
D:10:     dk_rats_in_the_wall
D:12:     david_orc_3, basic_altar, spider_trap
Lair:1:   minmay_lair_venomous_thicket, cheibrodos_lair_caveside_slide,
          serial_bayou_pond_c, uniq_harold, uniq_nergalle, uniq_joseph

Skill      XL: |  1  2  3  4  5  6  7  8  9 10 11 |
---------------+----------------------------------+-----
Necromancy     | 5 6 7 8 10 12 13 15 | 15.9
Spellcasting   | 4 5 6 7 9 10 | 10.8
Dodging        | 5 8 10 12 | 12.0
Stealth        | 4 6 7 |  7.8
Charms         | 1 |  1.9

Action                   |  1- 3 |  4- 6 |  7- 9 | 10-12 || total
-------------------------+-------+-------+-------+-------++-------
Melee: Unarmed           |     6 |       |       |       ||     6
       Dagger            |    35 |   177 |   330 |   453 ||   995
       Flail             |       |       |     7 |     9 ||    16
       Quarterstaff      |       |       |       |    24 ||    24
 Cast: Pain              |    24 |    13 |    20 |    12 ||    69
       Animate Skeleton  |     9 |     7 |     3 |     2 ||    21
       Regeneration      |     3 |     9 |    17 |    23 ||    52
       Animate Dead      |       |     9 |    38 |    63 ||   110
       Vampiric Draining |       |     5 |    24 |    28 ||    57
       Control Undead    |       |       |     8 |       ||     8
       Agony             |       |       |     4 |    10 ||    14
       Cigotuvi's Embrac |       |       |     2 |     3 ||     5
Invok: Receive Corpses   |       |     1 |     2 |    11 ||    14
  Use: Scroll            |     2 |     6 |     8 |     5 ||    21
       Potion            |       |     1 |     7 |       ||     8
 Stab: Sleeping          |     3 |     2 |     6 |    13 ||    24
       Distracted        |     1 |       |     1 |     2 ||     4
  Eat: Chunk             |     2 |     2 |     1 |     6 ||    11
       Beef jerky        |       |     2 |     1 |     1 ||     4
       Bread ration      |       |     1 |     1 |     1 ||     3
       Meat ration       |       |       |     1 |       ||     1
       Royal jelly       |       |       |     1 |     2 ||     3
       Fruit             |       |       |       |     4 ||     4
       Pizza             |       |       |       |     1 ||     1
